 Dungeon Crawl Stone Soup version 0.17-a0-477-g451446c (webtiles) character file.

14 krae the Insei (level 2, 0/18 HPs)
             Began as an Octopode Transmuter on Apr 8, 2015.
             Slain by a jackal (1 damage)
             ... on level 1 of the Dungeon.
             The game lasted 00:02:07 (760 turns).

krae the Insei (Octopode Transmuter)                 Turns: 760, Time: 00:02:07

Health: 0/18       AC:  2    Str:  9    XL:     2   Next: 41%
Magic:  5/5        EV: 12    Int: 15    God:
Gold:   15         SH:  0    Dex: 12    Spells: 2 memorised, 2 levels left

rFire  . . .     SeeInvis .       - Unarmed
rCold  . . .     Clarity  .     (no shield)
rNeg   . . .     SustAb   .     (helmet restricted)
rPois  .         Gourm    .     (no amulet)
rElec  .         Spirit   .     h - +1 ring of protection
rCorr  .         Warding  .     (no ring)
rMut   .         Stasis   .     (no ring)
MR     .....                    (no ring)
Stlth  ++........               (no ring)
                                (no ring)
                                (no ring)
                                (no ring)

@: appendage (expiring), not resistant to hostile enchantments, unstealthy
A: almost no armour, amphibious, 8 rings, constrict 8, tentacle spike 3,
camouflage 1, gelatinous body 1
a: End Transformation


You were on level 1 of the Dungeon.
You were not hungry.
One of your tentacles had a temporary spike.
You visited 1 branch of the dungeon, and saw 1 of its levels.

You collected 15 gold pieces.


Innate Abilities, Weirdness & Mutations

You cannot wear most types of armour.
You are amphibious.
You can wear up to eight rings at the same time.
You can use your tentacles to constrict eight enemies at once.
Your skin changes colour to match your surroundings (Stealth).
Your rubbery body absorbs attacks (AC +1).
One of your tentacles bears a large vicious spike.


   Skills:
 - Level 1.0 Fighting
 - Level 2.0 Dodging
 - Level 3.0 Unarmed Combat
 - Level 2.0 Spellcasting
 + Level 3.0 Transmutations


You had 2 spell levels left.
You knew the following spells:

 Your Spells              Type           Power        Failure   Level  Hunger
z - Beastly Appendage     Trmt           ##....       8%          1    #......
Z - Sticks to Snakes      Trmt           ##........   12%         2    ###....

Inventory:

Missiles
 b - 12 arrows
Jewellery
 h - a +1 ring of protection (left tentacle)
Scrolls
 c - a scroll of fog {unknown}
Potions
 e - a potion of cure mutation {unknown}
 g - 2 potions of curing {@q1}
Books
 d - a book of Changes
Comestibles
 a - 2 bread rations
 f - a chunk of flesh

Dungeon Overview and Level Annotations

Branches:
Dungeon (1/15)

Altars:

################# g
#...........†...# h.
#x#############.# ... #h#
#.......#.#
....############.#####.#####.#.##
>...'.....hg.....................
?...####.####.(......#.#####.#.##
... #.# #........#.# #.#.## ..
#.# #........#.# #.#.## '#####
#.# #........#.#####.#.## .....#
#.# #........#....##.#.##


You could see a jackal.


Message History

You constrict the goblin.
You kill the goblin!
Your Transmutations skill increases to level 3!
You miss the jackal. Your grab misses the jackal.
Your tentacle-slap misses the jackal.
The jackal closely misses you. The jackal barely misses you.
You tentacle-slap the jackal but do no damage.
Your grab misses the jackal. Your squeeze misses the jackal.
The jackal barely misses you.
You tentacle-slap the jackal but do no damage.
Your grab misses the jackal.
Your tentacle spike misses the jackal.
Your transformation is almost over.
The jackal bites you.
* * * LOW HITPOINT WARNING * * *
You closely miss the jackal. Your grab misses the jackal.
You tentacle-slap the jackal.
The jackal is moderately wounded.
The jackal bites you.
* * * LOW HITPOINT WARNING * * *
The jackal bites you.
* * * LOW HITPOINT WARNING * * *
You tentacle-slap the jackal. Your grab misses the jackal.
Your squeeze misses the jackal.
The jackal is heavily wounded.
The jackal bites you.
* * * LOW HITPOINT WARNING * * *
You closely miss the jackal. Your grab misses the jackal.
The jackal is heavily wounded.
The jackal bites you.
You die...

Action                   || total
-------------------------++-------
Melee: Unarmed           ||    44
 Cast: Beastly Appendage ||     8
  Use: Scroll            ||     2

Vault maps used:
D:1:      lightli_arrival_statue_moat

Notes
Turn   | Place    | Note
--------------------------------------------------------------
     0 | D:1      | krae, the Octopode Transmuter, began the quest for the Orb.
     0 | D:1      | Reached XP level 1. HP: 13/13 MP: 3/3
   478 | D:1      | Reached XP level 2. HP: 5/18 MP: 3/5
   482 | D:1      | Learned a level 2 spell: Sticks to Snakes
   754 | D:1      | Reached skill level 3 in Transmutations
   759 | D:1      | HP: 1/18 [jackal (2)]
   760 | D:1      | Slain by a jackal

Vanquished Creatures
  An ooze (D:1)
  A giant cockroach (D:1)
  2 goblins (D:1)
  4 hobgoblins (D:1)
  2 giant newts (D:1)
  A kobold (D:1)
11 creatures vanquished.
